 Dungeon Crawl Stone Soup version 0.31-a0-1181-g57eb4e83fd (webtiles) character file.

Game seed: 63193743651331552

302 qw the Shooter (level 6, -1/38 HPs)
             Began as a Gargoyle Hunter on Dec 11, 2023.
             Slain by a crocodile (12 damage)
             ... in a sewer.
             The game lasted 00:01:12 (2028 turns).

qw the Shooter (Gargoyle Hunter)                    Turns: 2028, Time: 00:01:12

Health: -1/38      AC: 10    Str: 21      XL:     6   Next: 37%
Magic:  6/6        EV: 11    Int:  9      God:
Gold:   105        SH:  5    Dex: 14 (15) Spells: 5/5 levels left

rFire   . . .        a - +0 shortbow
rCold   . . .        (shield currently unavailable)
rNeg    + + .        i - +1 ring mail
rPois   inf          (no helmet)
rElec   +            (no cloak)
rCorr   .            (no gloves)
SInv    .            (no boots)
Will    .....        c - amulet of reflection
Stlth   +            k - ring of positive energy
HPRegen 0.26/turn    d - +6 ring of strength
MPRegen 0.10/turn

%: reflection
@: no status effects
A: sickness immunity, AC +4, negative energy resistance 1, electricity
resistance, torment resistance 1, petrification resistance
a: no special abilities


You were in a sewer.
You visited 1 branch of the dungeon, and saw 3 of its levels.
You also visited: Sewer.

You collected 105 gold pieces.


Innate Abilities, Weirdness & Mutations

You are immune to sickness and miasma.
Your stone body is resilient. (AC +4)
You are immune to poison.
You resist negative energy. (rN+)
You are resistant to electric shocks. (rElec)
You are resistant to unholy torment.
You are immune to petrification.


   Skills:
 - Level 4.0 Fighting
 + Level 6.6 Ranged Weapons
 - Level 1.0 Armour
 - Level 1.5 Dodging
 - Level 1.1 Stealth


You had 5 spell levels left.
You didn't know any spells.
Your spell library was empty.

Inventory:

Hand Weapons
 a - a +0 shortbow (weapon)
Armour
 i - a +1 ring mail (worn)
Jewellery
 c - an amulet of reflection (around neck)
 d - a +6 ring of strength (right hand)
 k - a ring of positive energy (left hand)
Scrolls
 f - 2 scrolls of teleportation
Potions
 b - 4 potions of enlightenment
 e - a potion of mutation

Dungeon Overview and Level Annotations

Branches:
Dungeon (3/15)              Sewer (1/1)

Altars:
Ashenzari
Okawaru
Qazlal

Shops:
D:3 =


Message History

The rat bites you. The crocodile bites you.
You shoot an arrow. The arrow barely misses the crocodile.
The rat bites you but does no damage. You block the crocodile's attack.
The rat closely misses you.
You shoot an arrow.
The arrow hits the crocodile but does no damage.
The crocodile is lightly wounded.
The crocodile barely misses you. The rat bites you but does no damage.
You shoot an arrow. The arrow hits the crocodile!
The crocodile is moderately wounded.
The crocodile bites you. You block the rat's attack.
You shoot an arrow. The arrow hits the crocodile.
The crocodile is heavily wounded.
The crocodile barely misses you. The rat closely misses you.
You block the crocodile's attack.
You shoot an arrow. The arrow barely misses the crocodile.
The rat barely misses you.
The crocodile bites you but does no damage.
You shoot an arrow. The arrow hits the crocodile.
The crocodile is heavily wounded.
You hear a loud squeak.
The rat bites you but does no damage. You block the crocodile's attack.
You shoot an arrow.
The arrow hits the crocodile but does no damage.
The crocodile is heavily wounded.
The rat closely misses you. The crocodile bites you.
You shoot an arrow. The arrow hits the crocodile.
The crocodile is heavily wounded.
The rat bites you but does no damage.
A rat comes into view.
The crocodile bites you but does no damage.
You block the rat's attack.
You shoot an arrow.
The arrow hits the crocodile but does no damage.
The crocodile is heavily wounded.
The crocodile bites you but does no damage.
The rat barely misses you.
You shoot an arrow. The arrow closely misses the crocodile.
The crocodile bites you!
You die...

###.# ~~#.#
#..# #~~~##
#..#
##~~~####
#..###
#..~%~~~#
#..#~
##...~~#~~
~rr~
##...~######
#rr#
###.....~~#
#rl#
######~~#
##@#
#..###%.#
##.....##
#######


You could see a crocodile, a quokka and 4 rats.

Vanquished Creatures
  A crocodile (Sewer)
  An orc priest (D:2)
  A sickly merfolk siren (Sewer)
  3 adders (D:2)
  5 river rats (Sewer)
  3 orcs (D:2)
  5 endoplasms
  7 giant cockroaches
  3 goblins (D:2)
  2 hobgoblins (D:3)
  8 jackals
  3 kobolds
  7 quokkas
  11 ball pythons
  6 bats
  3 frilled lizards
  35 rats
104 creatures vanquished.

Notes
Turn   | Place    | Note
-------+----------+-------------------------------------------
     0 | D:1      | qw the Gargoyle Hunter began the quest for the Orb.
     0 | D:1      | Reached XP level 1. HP: 12/12 MP: 1/1
     0 | D:1      | 0 ||| qw: Version: 0.3-a-106-g2cfff9e
     0 | D:1      | 0 ||| qw: Game counter: 2070
     0 | D:1      | 0 ||| qw: Melee chars always use a shield: true
     0 | D:1      | 0 ||| qw: God list: Okawaru
     0 | D:1      | 0 ||| qw: Allow faded altars: false
     0 | D:1      | 0 ||| qw: Do Orc after clearing Dungeon:15 true
     0 | D:1      | 0 ||| qw: Do second Lair branch before Depths: true
     0 | D:1      | 0 ||| qw: Lair rune preference: random
     0 | D:1      | 0 ||| qw: Goals: Normal, Save, Zot:1-4, Win
     0 | D:1      | 0 ||| PLANNING D:1-11
   200 | D:1      | Reached XP level 2. HP: 17/17 MP: 2/2
   490 | D:1      | 490 ||| UPGRADING to +0 ring mail.
   500 | D:1      | 500 ||| DROPPING +0 leather armour.
   501 | D:1      | 501 ||| UPGRADING to ring of positive energy.
   502 | D:1      | 502 ||| READING scroll labelled PEICEINORO.
   503 | D:1      | 503 ||| READING scroll labelled CIRUIRANUM.
   503 | D:1      | 503 ||| IDENTIFYING fuming purple potion
   504 | D:1      | 504 ||| READING scroll labelled LURUCROPPO.
   505 | D:1      | 505 ||| DRINKING 2 murky cyan potions.
   506 | D:1      | 506 ||| DROPPING scroll of butterflies.
   507 | D:1      | 507 ||| DROPPING potion of brilliance.
   618 | D:2      | Reached skill level 1 in Armour
   785 | D:2      | Reached XP level 3. HP: 21/21 MP: 3/3
   837 | D:2      | Reached skill level 5 in Ranged Weapons
  1044 | D:2      | Found a broken altar of Ashenzari.
  1111 | D:2      | 1111 ||| Stepping ~*~*~tactically~*~*~ (retreating).
  1116 | D:2      | Reached skill level 3 in Fighting
  1116 | D:2      | Reached XP level 4. HP: 19/28 MP: 4/4
  1310 | D:2      | 1310 ||| UPGRADING to amulet of reflection.
  1324 | D:3      | 1324 ||| PLANNING SEWER
  1356 | D:3      | Found Dupuluw's Jewellery Emporium.
  1364 | D:3      | 1364 ||| SHOPLISTING +4 ring of slaying (936 gold, have
                  | 59).
  1364 | D:3      | 1364 ||| SHOPLISTING ring of ice (300 gold, have 59).
  1364 | D:3      | 1364 ||| SHOPLISTING ring of protection from cold (300
                  | gold, have 59).
  1374 | D:3      | Found an iron altar of Okawaru.
  1382 | D:3      | Found a stormy altar of Qazlal.
  1528 | D:3      | Found a glowing drain.
  1540 | D:3      | Reached XP level 5. HP: 32/32 MP: 5/5
  1541 | D:3      | 1541 ||| UPGRADING to +6 ring of strength.
  1542 | D:3      | 1542 ||| READING scroll labelled BESHOA ANOETIU.
  1542 | D:3      | 1542 ||| ENCHANTING +0 ring mail.
  1555 | Sewer    | Entered a sewer
  1576 | Sewer    | Noticed a crocodile
  1587 | Sewer    | HP: 5/32 [crocodile (5)]
  1588 | Sewer    | 1588 ||| DRINKING fuming pink potion.
  1590 | Sewer    | 1590 ||| DRINKING orange potion.
  1593 | Sewer    | HP: 6/32 [crocodile (2)]
  1595 | Sewer    | Killed a crocodile
  1596 | Sewer    | Reached skill level 6 in Ranged Weapons
  1605 | Sewer    | HP: 4/32 [river rat (5)]
  1607 | Sewer    | Reached XP level 6. HP: 5/37 MP: 6/6
  2028 | Sewer    | Slain by a crocodile

Levels and vault maps discovered:
D:1:      lightli_arrival_noodles, layout_basic
D:2:      layout_loops_ring, basic_altar, roderic_lattice_a, minmay_tetromino_t2
D:3:      layout_loops_ring, mainiacjoe_overflow_big_doors,
          portal_sewer_entry_f, serial_shops, shop, minmay_door_square
Sewer:    sewer_sea

Skill      XL: |  1  2  3  4  5  6 |
---------------+-------------------+-----
Armour         | 1 |  1.0
Ranged Weapons | 5 6 |  6.6
Fighting       | 3 4 |  4.0
Dodging        | |  1.5
Stealth        | |  1.1

Action                     |  1- 3 |  4- 6 || total
---------------------------+-------+-------++-------
   Fire: Shortbow          |   100 |   248 ||   348
    Use: Scroll            |     3 |     1 ||     4
         Potion            |     1 |     2 ||     3
 Armour: Leather armour    |    13 |       ||    13
         Ring mail         |    12 |   115 ||   127
  Dodge: Dodged            |    28 |    97 ||   125
  Block: Other             |       |    36 ||    36

Table legend:
 A = Non-vault XP
 B = Vault XP
 C = Vault XP percentage of total XP
 D = Non-vault monster count
 E = Vault monster count
 F = Vault count percentage of total count
                 A         B        C        D         E       F
            +---------+---------+-------+---------+---------+-------
      Total |     146 |     286 |  66.2 |      50 |      54 |  51.9
            +---------+---------+-------+---------+---------+-------
        D:1 |      22 |       0 |   0.0 |      15 |       0 |   0.0
        D:2 |     107 |      15 |  12.3 |      25 |       2 |   7.4
        D:3 |      17 |      12 |  41.4 |      10 |       6 |  37.5
      Sewer |       0 |     259 | 100.0 |       0 |      46 | 100.0
            +---------+---------+-------+---------+---------+-------
